 Dungeon Crawl Stone Soup version 0.23.2-30-g0e89c35649 (webtiles) character file.

Game seed: 15342774847675946979

64 Mrkan the Cudgeler (level 4, 0/29 HPs)
             Began as a Gargoyle Monk on June 24, 2019.
             Slain by Sigmund
             ... wielding a +0 scythe
              (4 damage)
             ... on level 2 of the Dungeon.
             The game lasted 00:03:27 (1540 turns).

Mrkan the Cudgeler (Gargoyle Monk)                  Turns: 1540, Time: 00:03:28

Health: 0/29       AC:  8    Str: 16    XL:     4   Next: 12%
Magic:  4/4        EV: 12    Int: 10    God:
Gold:   98         SH:  0    Dex: 12    Spells: 3/3 levels left

rFire    . . .     SeeInvis .   a - +0 mace
rCold    . . .     Gourm    .   (no shield)
rNeg     + . .     Faith    .   b - +0 robe
rPois    ∞         Spirit   .   k - +1 helmet
rElec    +         Reflect  .   (no cloak)
rCorr    .         Harm     .   e - +0 pair of gloves (curse)
MR       .....                  (no boots)
Stlth    ++........             (no amulet)
HPRegen  0.09/turn              (no ring)
MPRegen  0.09/turn              (no ring)

@: no status effects
A: negative energy resistance 1, electricity resistance, unbreathing,
petrification resistance, rot immunity, AC +3
a: no special abilities


You were on level 2 of the Dungeon.
You were not hungry.

You visited 1 branch of the dungeon, and saw 3 of its levels.

You collected 98 gold pieces.

Inventory:

Hand Weapons
 a - a +0 mace (weapon)
Armour
 b - a +0 robe (worn)
 e - a cursed +0 pair of gloves (worn)
 k - a +1 helmet (worn)
Jewellery
 d - an uncursed ring of stealth {unknown}
Wands
 n - a wand of acid (11)
Scrolls
 f - a scroll of random uselessness {unknown}
 g - 2 scrolls of identify {unknown}
 h - a scroll of teleportation {unknown}
Potions
 i - a potion of brilliance
 j - 3 potions of curing
 m - a potion of berserk rage {unknown}
Comestibles
 c - 6 rations
 l - 3 chunks of flesh


   Skills:
 + Level 4.0 Fighting
 * Level 4.3 Maces & Flails
 - Level 2.4 Dodging
 - Level 2.1 Stealth


You had 3 spell levels left.
You didn't know any spells.
Your spell library was empty.

Dungeon Overview and Level Annotations

Branches:
Dungeon (3/15)

Altars:

Annotations:
D:2 Sigmund


Innate Abilities, Weirdness & Mutations

You are resistant to torment.
Your stone body is resilient. (AC +3)
You are immune to poison.
You resist negative energy. (rN+)
You are resistant to electric shocks. (rElec)
You can survive without breathing.
You are immune to petrification.
You are immune to rotting.


Message History

The orc hits you but does no damage. x2; The orc barely misses you.
Something completely misses you.
You climb upwards.
Level annotation: Sigmund Reactivating autopickup.
There is a stone staircase leading down here.
Deactivating autopickup; reactivate with Ctrl-A.
You thump something! The leopard gecko barely misses you.
Sigmund gestures wildly while chanting.
Sigmund flickers and vanishes!
The orc hits you but does no damage. The orc barely misses you. x2
The leopard gecko bites you but does no damage.
Something hits you but does no damage. The orc hits you.
The orc barely misses you.
You miss something. The leopard gecko bites you.
* * * LOW HITPOINT WARNING * * *
The orc barely misses you. Something barely misses you. The orc hits you.
* * * LOW HITPOINT WARNING * * *
Something hits you.
You die...

####### #.....# ####
#.....## #...
#......# ....
#...$..# .. ....
.#..##l.o...# .#
##.## ..%..oo@o{..#
.# .# .###.#####..#
.#..## #.#
#..###.#... ..
#........#...##
#.##.##.###..........
#.......###.### #.#
####........#
########.# .. #.# ..


You could see 4 orcs and a leopard gecko.

Vanquished Creatures
  Robin (D:2)
  An adder (D:2)
  A leopard gecko (D:1)
  An orc (D:3)
  3 bats
  3 giant cockroaches (D:1)
  12 hobgoblins
  2 frilled lizards (D:1)
  7 goblins
  A kobold (D:1)
  6 rats (D:1)
38 creatures vanquished.

Notes
Turn   | Place    | Note
-------+----------+-------------------------------------------
     0 | D:1      | Mrkan the Gargoyle Monk began the quest for the Orb.
     0 | D:1      | Reached XP level 1. HP: 14/14 MP: 1/1
   191 | D:1      | Reached XP level 2. HP: 13/19 MP: 2/2
   868 | D:1      | Reached XP level 3. HP: 24/24 MP: 3/3
  1003 | D:2      | Noticed Robin
  1030 | D:2      | HP: 1/24 [goblin/+0 dagger[Robin] (4)]
  1328 | D:2      | Killed Robin
  1336 | D:2      | Reached XP level 4. HP: 20/29 MP: 4/4
  1403 | D:2      | Noticed Sigmund
  1532 | D:3      | Noticed a sky beast
  1540 | D:2      | Slain by Sigmund

Skill      XL: |  1  2  3 |
---------------+----------+-----
Maces & Flails | 4 |  4.3
Fighting       | 4 |  4.0
Dodging        | |  2.4
Stealth        | |  2.1

Action                   |  1- 3 |  4- 6 || total
-------------------------+-------+-------++-------
Melee: Mace              |   126 |    15 ||   141
  Use: Potion            |     1 |       ||     1
 Stab: Sleeping          |     5 |       ||     5
  Eat: Chunk             |     1 |     1 ||     2
Armor: Robe              |    80 |    16 ||    96
Dodge: Dodged            |   100 |    30 ||   130
